 Dungeon Crawl Stone Soup version 0.19-a0-1714-gcab94ab (webtiles) character file.

308065 ololoev the Severer (level 21, -5/200 HPs)
             Began as a Hill Orc Warper on Sept 28, 2016.
             Was the Champion of Ashenzari.
             Shot with a bolt by a yaktaur (26 damage)
             ... led by a vault warden
             ... on level 4 of the Vaults.
             The game lasted 02:23:15 (61005 turns).

ololoev the Severer (Hill Orc Warper)              Turns: 61005, Time: 02:23:16

Health: -5/200     AC: 23    Str: 24    XL:     21   Next: 20%
Magic:  36/36      EV: 14    Int: 13    God:    Ashenzari [******]
Gold:   838        SH:  4    Dex: 14    Spells: 3 memorised, 32 levels left

rFire  . . .     SeeInvis +     a - +5 battleaxe (flame)
rCold  + + .     Gourm    .     s - +0 plate armour of the Midnight Sun {rElec rN++ MR+ Stlth+} (curse)
rNeg   + + .     Faith    .     (shield currently unavailable)
rPois  +         Spirit   .     m - +0 helmet (curse)
rElec  +         Dismiss  .     N - +0 cloak {rC+}
rCorr  .         Reflect  .     E - +2 pair of gloves (curse)
MR     +++..     Harm     .     y - +0 pair of boots (curse)
Stlth  .......... Clarity  +    u - amulet of regeneration (curse)
                                l - ring of protection from magic (curse)
                                e - ring of Geiqoun {rC+ Dex+4} (curse)

@: marked, corroded
A: hooves 1, large bone plates 1, poison resistance
a: Curse Item, Scrying, Transfer Knowledge, Renounce Religion
}: 2/15 runes: decaying, serpentine


Innate Abilities, Weirdness & Mutations

You have large cloven feet.
You are partially covered in large bone plates. (SH +4)
Your system is resistant to poisons. (rPois)

Inventory:

Hand Weapons
 a - a +5 battleaxe of flaming (weapon)
 b - a +1 blowgun
Missiles
 h - 13 curare-tipped needles
 C - 5 needles of confusion
Armour
 m - a cursed +0 helmet (worn)
 s - the cursed +0 plate armour of the Midnight Sun (worn) {rElec rN++ MR+ Stlth+}
   (You bought it in a shop on level 2 of the Orcish Mines)

   It insulates you from electricity.
   It greatly protects you from negative energy.
   It affects your resistance to hostile enchantments.
   It makes you more stealthy.
   It has a curse placed upon it.
 y - a cursed +0 pair of boots (worn)
 E - a cursed +2 pair of gloves (worn)
 N - a +0 cloak of cold resistance (worn)
Jewellery
 e - the cursed ring of Geiqoun (left hand) {rC+ Dex+4}
   (You found it on level 2 of the Lair of Beasts)

   [ring of protection from cold]

   It affects your dexterity (+4).
   It protects you from cold.
   It has a curse placed upon it.
 l - a cursed ring of protection from magic (right hand)
 u - a cursed amulet of regeneration (around neck)
Wands
 z - a wand of disintegration (11/24)
 O - a wand of digging (14/24)
Scrolls
 g - a scroll of acquirement
 j - 5 scrolls of blinking
 r - a scroll of summoning
 v - 4 scrolls of recharging
 x - 3 scrolls of fog
 A - 9 scrolls of enchant armour
 D - a scroll of silence
 F - 5 scrolls of remove curse
 J - 4 scrolls of magic mapping
Potions
 k - 2 potions of flight
 o - 3 potions of heal wounds
 q - 8 potions of brilliance
 B - a potion of cure mutation
 H - 3 potions of ambrosia
 I - a potion of curing
Comestibles
 c - a chunk of flesh
 d - 7 slices of pizza
 f - 16 bread rations
 i - 38 fruits
 n - 6 royal jellies
 p - 19 meat rations
 G - 9 beef jerkies


   Skills:
 + Level 19.8 Fighting
 - Level 20.0 Axes
 + Level 11.2 Throwing
 - Level 11.9(16.0) Armour
 + Level 12.3 Dodging
 + Level 11.1 Spellcasting
 + Level 13.4(17.5) Summonings
 - Level 5.9(10.4) Translocations


You had 32 spell levels left.
You knew the following spells:

 Your Spells              Type           Power        Failure   Level  Hunger
a - Apportation           Tloc           ####......   1%          1    None
b - Blink                 Tloc           N/A          1%          2    None
c - Summon Hydra          Summ           ######....   54%         7    #######


You were on level 4 of the Vaults.
You worshipped Ashenzari.
Ashenzari was exalted by your worship.
You were hungry.

You visited 7 branches of the dungeon, and saw 36 of its levels.
You also visited: Ice Cave.

You collected 3761 gold pieces.
You spent 2923 gold pieces at shops.

,, ,,,, , ,* * *** *,, ,
≈≈≈*,, ,#......# ,....,
,,,, ≈ ≈ ,, #......#,,....
* ,,, , ≈ ,,,+....c>#
..... * , , ≈≈ , ,
#......# ..>.. , , , ,*,
,,.#......#......, ,, < ,
, .'......#......, , ,, ,
..########......'...... ,
, ,.....§.(e......@#** *
,, ,
,.....e..e..........c...,,
, ,
.......4.§............. ,,
, ###########'###########*
, ,, ,, , , #,.. , , ,,
,,, * *, ..., *, ,,, ,
,,,, * , ... , , , , *, ,
.. , , ,,,,, * * , ,,. *
,,,,

Notes
Turn   | Place    | Note
-------+----------+-------------------------------------------
     0 | D:1      | ololoev the Hill Orc Warper began the quest for the Orb.
     0 | D:1      | Reached XP level 1. HP: 18/18 MP: 3/3
     0 | D:1      | Iwannabefree: !lg defe
     0 | D:1      | beem: 1562. DEFE the Vexing (L1 FeEn), slain by a hobgoblin (a +0 club) on D:1 on 2016-09-28 11:48:09, with 0 points after 24 turns and 0:00:14.
   368 | D:1      | Iwannabefree: !lg defe * -1
   369 | D:1      | beem: 1562. DEFE the Vexing (L1 FeEn), slain by a hobgoblin (a +0 club) on D:1 on 2016-09-28 11:48:09, with 0 points after 24 turns and 0:00:14.
   391 | D:1      | Found a shattered altar of Ashenzari.
   398 | D:1      | Reached skill level 3 in Axes
   401 | D:1      | Became a worshipper of Ashenzari the Shackled
   402 | D:1      | Iwannabefree: !lg defe * -2
   402 | D:1      | beem: 1561/1562. DEFE the Vexing (L1 FeEn), slain by a hobgoblin (a +0 club) on D:1 on 2016-09-28 11:47:46, with 0 points after 22 turns and 0:00:35.
   563 | D:1      | Reached XP level 2. HP: 22/25 MP: 4/4
   567 | D:1      | Iwannabefree: !lg defe -3
   695 | D:1      | beem: 1560/1562. DEFE the Jinx (L9 FeEn of Okawaru), slain by a two-headed ogre (a +0 giant club) on D:8 on 2016-09-28 11:46:04, with 3476 points after 11578 turns and 0:31:53.
   905 | D:2      | Iwannabefree: вот почему из фелидов хуевые инчантеры
   921 | D:2      | Reached XP level 3. HP: 11/30 MP: 5/5
   930 | D:2      | Iwannabefree: даже конфузный моб может переебать на весь столб хп
  1259 | D:2      | Reached skill level 4 in Axes
  1396 | D:2      | Goblin1989: дракон занимает почти полный хангербар
  1407 | D:2      | Goblin1989: печаль
  1418 | D:2      | Reached XP level 4. HP: 30/38 MP: 6/6
  1498 | D:2      | jacquesderrida: ork-puteshestvennik
  1528 | D:1      | DEFE: лол
  1534 | D:1      | DEFE: а разве диспресиал
  1536 | D:2      | DEFE: не убрали
  1536 | D:2      | DEFE: из игры?
  1539 | D:2      | ololoev: special for Wr
  2204 | D:3      | Reached skill level 5 in Axes
  2204 | D:3      | Reached XP level 5. HP: 35/46 MP: 7/7
  2205 | D:3      | You fall through a shaft!
  2300 | D:4      | DEFE: за хумана
  2309 | D:4      | DEFE: сложный выбор
  2309 | D:4      | DEFE: табать
  2309 | D:4      | DEFE: или запать
  2309 | D:4      | ololoev: бери кику
  2421 | D:4      | DEFE: Мне не нравится
  2432 | D:3      | DEFE: что у кику буст на дверь убрали
  2432 | D:3      | DEFE: вот какого хуя
  2432 | D:3      | ololoev: бери гозага тогда
  2514 | D:3      | Reached XP level 6. HP: 33/52 MP: 8/8
  2526 | D:3      | Iwannabefree: ne nuzhen
  2683 | D:3      | Found a white marble altar of Elyvilon.
  2820 | D:3      | Reached skill level 6 in Axes
  3052 | D:3      | Found a faded altar of an unknown god.
  3625 | D:4      | Reached skill level 7 in Axes
  3892 | D:4      | Reached XP level 7. HP: 60/60 MP: 9/9
  3893 | D:4      | DEFE: 10 из 10
  3907 | D:4      | DEFE: невидимый висп
  3907 | D:4      | ololoev: lol
  4076 | D:4      | Reached * piety under Ashenzari
  4114 | D:4      | Goblin1989: дай дамп
  4159 | D:4      | Reached skill level 5 in Fighting
  4236 | D:4      | Learned a level 2 spell: Blink
  4514 | D:5      | Entered Level 5 of the Dungeon
  4554 | D:5      | Noticed anele's ghost (novice MiFi)
  4700 | D:5      | Reached skill level 8 in Axes
  4975 | D:5      | Reached XP level 8. HP: 41/70 MP: 10/10
  5396 | D:5      | Reached skill level 9 in Axes
  5396 | D:5      | Reached skill level 5 in Armour
  5401 | D:5      | Found a hazy altar of Hepliaklqana.
  5411 | D:5      | Found a shadowy altar of Dithmenos.
  5411 | D:5      | Found a basalt altar of Yredelemnul.
  5424 | D:5      | Found an iron altar of Okawaru.
  5428 | D:5      | Found a shattered altar of Ashenzari.
  6547 | D:6      | Found a sparkling altar of Nemelex Xobeh.
  6624 | D:6      | DEFE: Ашензари
  6624 | D:6      | DEFE: ты решил все же покастовать
  6624 | D:6      | ololoev: ну так не зря же я варпер
  6625 | D:6      | Reached skill level 10 in Axes
  6634 | D:6      | DEFE: Ну типа книга
  6639 | D:6      | DEFE: для сожжения гидры
  6647 | D:6      | DEFE: трогом
  6670 | D:6      | DEFE: например
  6791 | D:6      | Found a staircase to the Ecumenical Temple.
  6820 | D:6      | Reached XP level 9. HP: 77/79 MP: 11/11
  7007 | D:6      | Found an ancient bone altar of Kikubaaqudgha.
  7328 | D:7      | Reached skill level 1 in Throwing
  7617 | D:7      | Iwannabefree: ??wr reasons
  7618 | D:7      | beem: wr reasons ~ gr reasons ~ gargoyle reasons[1/1]: You can't win any other race.
  7652 | D:7      | Iwannabefree: ??warper reasons
  7653 | D:7      | beem: warper reasons[1/1]: Scroll of blinking, tomahawks of dispersal, good starting book
  7675 | D:7      | Found a burning altar of Makhleb.
  7675 | D:7      | Found a shimmering altar of Xom.
  7682 | D:7      | Reached skill level 11 in Axes
  8066 | D:7      | epen: ??octopod reason 3[
  8066 | D:7      | beem: I don't have a page labeled octopod reason 3[ in my learndb.
  8073 | D:7      | epen: ??octopod reason
  8076 | D:7      | beem: octopod reason ~ octopode reasons[1/5]: You like being killed by bats.
  8087 | D:6      | epen: ??octopod reason [3
  8131 | D:6      | beem: octopod reason ~ octopode reasons[3/5]: Octopodes are amphibious, functioning equally well on land or at sea. https://www.youtube.com/watch?v=FjQr3lRACPI
  8408 | D:7      | Found a blossoming altar of Fedhas.
  8695 | D:8      | Reached ** piety under Ashenzari
  8696 | D:8      | DEFE: форм ланс
  8696 | D:8      | DEFE: пробовали?
  8696 | D:8      | DEFE: форс*
  8696 | D:8      | ololoev: говно
  8699 | D:8      | DEFE: оно типа толкать должно?
  8699 | D:8      | ololoev: да, и дамажить немного
  8699 | D:8      | ololoev: как роу флейм судя по всему
  8910 | D:8      | Found a stormy altar of Qazlal.
  8996 | D:8      | jacquesderrida: Pepsen
  8996 | D:8      | DEFE: лол
  9018 | D:8      | Iwannabefree: пробовал
  9020 | D:8      | Iwannabefree: охуенная тем
  9020 | D:8      | Iwannabefree: а
  9029 | D:8      | DEFE: Тлоки в говно опустили
  9034 | D:8      | DEFE: сначала сингу убрали
  9034 | D:8      | Iwannabefree: отталкивать всякое дерьмо чтобы зафинишить оодшкой
  9034 | D:8      | DEFE: а потом фейз шифт
  9126 | D:8      | DEFE: как ьез шифта жить
  9126 | D:8      | DEFE: не ясно
  9158 | D:8      | Noticed a troll
  9164 | D:8      | Killed a troll
  9164 | D:8      | Reached skill level 12 in Axes
  9242 | D:8      | Iwannabefree: верните мне моего 60 ев сприггана
  9361 | D:8      | Reached XP level 10. HP: 61/90 MP: 12/12
  9508 | D:8      | DEFE: the ring of the Serpent {rCorr MR- Str+7 Int+6}
  9821 | Temple   | Entered the Ecumenical Temple
  9822 | Temple   | ololoev: noice
  9972 | D:7      | Iwannabefree: welcome to the abyss
 10443 | D:8      | Noticed an ice statue
 10573 | D:8      | DEFE: В леере зайдет хорошо
 10609 | D:8      | DEFE: и после того как найду MR
 10609 | D:8      | DEFE: побольше
 10618 | D:8      | Iwannabefree: >petrified
 10798 | D:9      | ololoev: hits you but does no damage
 10834 | D:9      | Iwannabefree: ??petrify
 10892 | D:9      | beem: petrify[1/5]: Turns the target to stone after a brief period of slowness. While it's petrified it takes a lot less damage but can't do anything. Lv. 4 Tmut/Earth, in the books of Hinderance, Geomancy, and Alchemy.
 10939 | D:9      | Iwannabefree: ??petrify [2]
 10939 | D:9      | beem: petrify[2/5]: Player: Immune: gargoyles, Zin's Vitalisation, statue form or wisp form. Both: LRDable. Petrifying: 2x shatter dam b4.AC, 2/3 damage af.AC, half EV and 1.5x slow for 30 auts or until re-applied. Petrified: 4x shatter dam b4.AC, helpless(2-size) EV, 1/2 damage af.AC, nonliving, rTorment, rPois, rN+++, rRot+++ for 60+1d40 auts unextendable.
 11111 | D:8      | Goblin1989: чекай все
 11333 | D:9      | Iwannabefree: !lg * petrified
 11335 | D:9      | beem: No keyword 'petrified'
 11335 | D:9      | Reached skill level 13 in Axes
 11339 | D:9      | ololoev: меня унижает виверна
 11553 | D:9      | Goblin1989: аш какой-то стремный бог
 11609 | D:9      | ololoev: poch?
 12240 | D:9      | Iwannabefree: наоборот сверхгоднота, даже после нерфов
 12253 | D:9      | Found a sacrificial altar of Ru.
 12650 | D:10     | Entered Level 10 of the Dungeon
 12742 | D:10     | Found Hefalita's Weapon Shop.
 13006 | D:10     | Noticed a gargoyle
 13023 | D:10     | Killed a gargoyle
 13264 | D:10     | Reached XP level 11. HP: 97/97 MP: 13/13
 13276 | D:10     | Reached skill level 14 in Axes
 13593 | D:10     | Found a staircase to the Orcish Mines.
 13602 | D:10     | Reached skill level 5 in Throwing
 13753 | D:10     | Killed an unseen horror
 14076 | D:11     | Reached skill level 10 in Fighting
 14170 | D:11     | Found a staircase to the Lair.
 14182 | D:11     | Found Retirgh's Book Shoppe.
 14231 | D:11     | Reached *** piety under Ashenzari
 14239 | D:11     | Goblin1989: хаста?
 14239 | D:11     | ololoev: где?
 14272 | D:11     | Noticed a manticore
 14282 | D:11     | Killed a manticore
 14312 | D:11     | Goblin1989: бук энчантменс, ее там нет
 14319 | D:11     | Goblin1989: ?
 14324 | D:11     | ololoev: есть
 14324 | D:11     | ololoev: но я хасту не скоро вкачаю
 14352 | D:11     | Noticed a seven-headed hydra
 14465 | D:10     | DEFE: нидали симулякров ((
 14465 | D:10     | DEFE: лол
 14465 | D:10     | DEFE: а кику дает трупы драконов же
 14465 | D:10     | DEFE: так может можно шкуры скаммить
 14465 | D:10     | Goblin1989: а ты сперва попробуй
 14465 | D:10     | Goblin1989: может эти трупы шкуры не дают
 14465 | D:10     | ololoev: нельзя
 14465 | D:10     | ololoev: вроде спешал кейс сделали
 15157 | D:11     | Noticed a hill giant
 15177 | D:11     | Noticed a brown ugly thing
 15796 | Orc:1    | Entered Level 1 of the Orcish Mines
 15991 | Orc:1    | Noticed Erolcha
 15995 | Orc:1    | Reached skill level 15 in Axes
 15996 | Orc:1    | ololoev: так
 15996 | Orc:1    | ololoev: стоять бояться
 15996 | Orc:1    | DEFE: sosnool
 15996 | Orc:1    | DEFE: оказывается москиты иммунны
 15996 | Orc:1    | DEFE: к яду
 15996 | Orc:1    | ololoev: я сейчас тоже сосну
 15996 | Orc:1    | DEFE: и негатив энерджи
 15996 | Orc:1    | ololoev: либо параличика, либо абисса
 16006 | Orc:1    | Killed Erolcha
 16007 | Orc:1    | ololoev: eeee!
 16010 | Orc:1    | ololoev: trog stronk!
 16081 | Orc:1    | Found Duhiwiedgh's Weapon Shoppe.
 16082 | Orc:1    | Found Citelo Ubra's Book Emporium.
 16086 | Orc:1    | Found Kuuruss's Weapon Boutique.
 16089 | Orc:1    | Bought a +2 battleaxe of flaming for 379 gold pieces
 16097 | Orc:1    | ololoev: смотри, мне дали симулякру!
 16396 | Orc:1    | Noticed an orc high priest
 16412 | Orc:1    | Killed an orc high priest
 16420 | Orc:1    | Found Emesitel's General Store.
 16428 | Orc:1    | Bought a scroll of teleportation for 54 gold pieces
 16457 | Orc:1    | Found Ommaege's Assorted Antiques.
 16509 | Orc:1    | Noticed Josephine
 16573 | Orc:1    | Reached XP level 12. HP: 93/108 MP: 11/14
 16645 | Orc:1    | Killed Josephine
 17051 | Orc:2    | Entered Level 2 of the Orcish Mines
 17302 | Orc:2    | Reached skill level 10 in Armour
 17373 | Orc:2    | Reached skill level 16 in Axes
 17759 | Orc:2    | Found an iron altar of Okawaru.
 18569 | Orc:2    | Found Urusorag's Antique Armour Emporium.
 18744 | Orc:2    | Found a staircase to the Elven Halls.
 18843 | Orc:2    | Goblin1989: топор курсить пора
 18857 | Orc:2    | ololoev: зач?
 18924 | Orc:2    | Noticed an orc high priest
 18929 | Orc:2    | Noticed a sun demon
 18931 | Orc:2    | Killed an orc high priest
 19122 | Orc:2    | Goblin1989: будет давать на топоры и додж с армором баф ашезари
 19196 | Orc:2    | ololoev: на додж и армор не будет
 19196 | Orc:2    | ololoev: скилла в топорах и так хватает
 19567 | Orc:2    | jacquesderrida: Ебать
 19567 | Orc:2    | jacquesderrida: Дорогу к ладожскому вокзалу ремонтируют, поэтому у меня под окном пробки
 19579 | Orc:2    | jacquesderrida: Что только не звучит из машин
 19581 | Orc:2    | Noticed an orc high priest
 19626 | Orc:2    | jacquesderrida: Прямо сейчас у кого-то играет ХАРДБАС
 19629 | Orc:2    | Noticed a sun demon
 19635 | Orc:1    | jacquesderrida: >>>>>>>>>>>>>>>>>>>>>>>>2206 god bljad
 19710 | Orc:1    | jacquesderrida: kulturnaya stolitsa
 19716 | Orc:1    | Killed an orc high priest
 19845 | Orc:2    | jacquesderrida: ya vynuzhden slooshat hardbass kakogo-to huisosa
 19869 | Orc:2    | jacquesderrida: Odnako!
 19878 | Orc:2    | Reached skill level 17 in Axes
 20447 | Orc:2    | Noticed an orc high priest
 20463 | Orc:2    | Killed an orc high priest
 20463 | Orc:2    | Reached XP level 13. HP: 117/117 MP: 15/15
 21124 | Orc:2    | Found Bophan's Gadget Shop.
 21127 | Orc:2    | Found Xicwor's Armour Boutique.
 21128 | Orc:2    | Found Padosch's Antique Armour Shop.
 21129 | Orc:2    | Found Viaguik's Book Shop.
 21133 | Orc:2    | jacquesderrida: ebat
 21133 | Orc:2    | ololoev: интересный скейл
 21136 | Orc:2    | ololoev: +5 ros
 21187 | Orc:2    | jacquesderrida: >>>>>>>>>>>>+13 fire dregan armer
 21381 | D:12     | Found Kaben's Jewellery Shop.
 21734 | Lair:1   | Entered Level 1 of the Lair of Beasts
 21843 | Lair:1   | Reached **** piety under Ashenzari
 22281 | Lair:1   | Reached skill level 18 in Axes
 22682 | Orc:2    | Bought a polished plate armour for 840 gold pieces
 22682 | Orc:2    | Identified the cursed +0 plate armour of the Midnight Sun {rElec rN++ MR+ Stlth+} (You bought it in a shop on level 2 of the Orcish Mines)
 22683 | Orc:2    | jacquesderrida: heh
 22684 | Orc:2    | ololoev: hernya
 22684 | Orc:2    | jacquesderrida: a che nebloho
 22684 | Orc:2    | jacquesderrida: poka
 22684 | Orc:2    | ololoev: +0
 22684 | Orc:2    | jacquesderrida: fire armer nada bila
 22684 | Orc:2    | ololoev: po rezistam norm
 22684 | Orc:2    | ololoev: no ne dlya leira
 22684 | Orc:2    | ololoev: fire v leire ploxo
 22684 | Orc:2    | ololoev: ??rime drake
 22684 | Orc:2    | beem: rime drake[1/2]: A re-skinned fire drake. It breathes frost instead of flame. Will flash freeze you.
 22684 | Orc:2    | jacquesderrida: dovai v elf...
 22729 | Orc:2    | jacquesderrida: ;-)
 22814 | Orc:1    | Noticed an orc warlord
 23268 | Lair:1   | jacquesderrida: pchely ebanuty
 23268 | Lair:1   | jacquesderrida: krazy
 24337 | Lair:2   | Identified the ring of Geiqoun {rC+ Dex+4}
 24360 | Lair:2   | Found a staircase to the Swamp.
 24390 | Lair:2   | jacquesderrida: noice
 24390 | Lair:2   | ololoev: yep
 24390 | Lair:2   | ololoev: for FDA
 24552 | Lair:2   | jacquesderrida: na fda budet rc+++++
 24977 | Lair:3   | Reached skill level 19 in Axes
 25099 | Lair:3   | Reached ***** piety under Ashenzari
 25112 | Lair:3   | Goblin1989: спайдер 2
 25136 | Lair:3   | Reached XP level 14. HP: 127/127 MP: 16/16
 25137 | Lair:3   | Goblin1989: а анарма у меня всего 4
 25176 | Lair:3   | Goblin1989: дракон фейлится на 12%
 25368 | Lair:3   | Goblin1989: по-моему
 25399 | Lair:3   | Found a staircase to the Snake Pit.
 25402 | Lair:3   | Goblin1989: это бвла плохая идея
 25678 | Lair:3   | ololoev: нтак спайдеров то можно просто конфузить
 25678 | Lair:3   | ololoev: и качаться дальше
 26324 | Lair:4   | Goblin1989: ну да
 26429 | Lair:4   | Goblin1989: но анарм 4 это мало
 26441 | Lair:4   | Goblin1989: а файтинг 5.8
 26441 | Lair:4   | ololoev: да е
 26441 | Lair:4   | ololoev: тебя никто не заставляет прямо сейчас использовать анарм
 26441 | Lair:4   | ololoev: стабай пока шортами
 27400 | Lair:5   | Reached skill level 20 in Axes
 28014 | Lair:5   | Found a staircase to the Slime Pits.
 28702 | Lair:6   | Entered Level 6 of the Lair of Beasts
 29226 | Lair:6   | Reached skill level 5 in Dodging
 29345 | Lair:6   | Reached XP level 15. HP: 75/138 MP: 20/20
 29643 | Lair:6   | Learned a level 7 spell: Summon Hydra
 30289 | Lair:6   | Reached skill level 1 in Summonings
 31586 | Lair:6   | Reached skill level 5 in Translocations
 32225 | Swamp:1  | Entered Level 1 of the Swamp
 32225 | Swamp:1  | Reached ****** piety under Ashenzari
 32225 | Swamp:1  | Noticed a thorn hunter
 32449 | Swamp:1  | Killed a thorn hunter
 33182 | Swamp:1  | Noticed Frances
 33351 | Swamp:1  | Killed Frances
 33353 | Swamp:1  | Reached skill level 15 in Fighting
 34319 | Swamp:1  | Reached skill level 5 in Spellcasting
 34744 | Swamp:2  | Reached skill level 5 in Summonings
 34744 | Swamp:2  | Reached XP level 16. HP: 57/149 MP: 23/23
 35616 | D:12     | Identified the amulet of Arghyiwke {Inacc Str+3 Stlth+}
 36536 | D:13     | Found a large runed door.
 36537 | D:13     | Found a large runed door.
 37218 | D:13     | Found a gate to the Vaults.
 38186 | D:14     | Noticed Arbitrary's ghost (journeyman DEEE)
 38213 | D:14     | Killed Arbitrary's ghost
 38410 | D:14     | jacquesderrida: Robe of Govnometaniye
 38412 | D:14     | jacquesderrida: Mda
 38987 | D:15     | Entered Level 15 of the Dungeon
 39393 | D:15     | Noticed Louise
 39409 | D:15     | Killed Louise
 39726 | D:15     | Noticed Blork the orc
 39743 | D:15     | Killed Blork the orc
 39771 | D:15     | Found a deep blue altar of Sif Muna.
 39970 | D:15     | Noticed Sonja
 39990 | D:15     | Killed Sonja
 39990 | D:15     | jacquesderrida: ebanet
 40025 | D:15     | jacquesderrida: ebanoolo
 40662 | D:15     | Found a staircase to the Depths.
 40814 | D:15     | Noticed Roxanne
 41153 | Swamp:1  | Reached XP level 17. HP: 112/159 MP: 27/27
 41297 | Swamp:2  | Identified the cursed +1 leather armour of Sin {rPois Dex+3}
 42241 | Swamp:3  | Got the broad axe of Purpose {drain, +Inv MR+ Str+5}
 42246 | Swamp:3  | Identified the +4 broad axe of Purpose {drain, +Inv MR+ Str+5} (You found it on level 3 of the Swamp)
 42433 | Swamp:3  | HP: 7/159 [death drake[a spriggan druid] (7)]
 43300 | Swamp:3  | Identified Sif Muna's Almanac of Assistive Battle Magic
 43530 | Swamp:4  | Entered Level 4 of the Swamp
 44887 | Swamp:4  | DEFE: !decentchar defe
 44943 | Swamp:4  | beem: The RNG chooses: DsGl
 45678 | Swamp:4  | Got a decaying rune of Zot
 46081 | Vaults:1 | Entered Level 1 of the Vaults
 46255 | Vaults:1 | Reached XP level 18. HP: 147/170 MP: 30/30
 46723 | Vaults:1 | Paralysed by a hornet for 2 turns
 47051 | Vaults:1 | Reached skill level 10 in Summonings
 47379 | Vaults:1 | Gained mutation: You have large cloven feet. [mutagenic meat]
 47865 | Orc:2    | Bought a distressingly furry fire dragon armour for 1650 gold pieces
 47865 | Orc:2    | Identified the +0 fire dragon armour "Meghis" {+Inv rF++ rC- rN+ SInv Stlth+} (You bought it in a shop on level 2 of the Orcish Mines)
 47865 | Orc:2    | jacquesderrida: mda
 47866 | Orc:2    | DEFE: а ока
 47866 | Orc:2    | DEFE: обижается
 47866 | Orc:2    | jacquesderrida: >my mfw-face when kogda +0
 47866 | Orc:2    | DEFE: на демоник гвардов?
 47866 | Orc:2    | jacquesderrida: NET
 47866 | Orc:2    | DEFE: когда они мрут?
 47866 | Orc:2    | jacquesderrida: NET
 47866 | Orc:2    | ololoev: если сами то нет
 47866 | Orc:2    | jacquesderrida: DAVNO NET
 47866 | Lair:4   | DEFE: а если их задеть?
 48037 | Lair:1   | ololoev: тогда да
 48037 | Lair:1   | jacquesderrida: DA
 48037 | Lair:1   | ololoev: правда их в какой-то версии прозрачными сделали
 48505 | Vaults:1 | Reached skill level 10 in Dodging
 48524 | Vaults:1 | DEFE: кого?
 48524 | Vaults:1 | ololoev: гвардов
 48524 | Vaults:1 | DEFE: типа как цветы для феди?
 48524 | Vaults:1 | ololoev: типа через них стрелы и спеллы пролетают
 48524 | Vaults:1 | ololoev: да
 49271 | Vaults:2 | Noticed a Hell Sentinel
 49588 | Vaults:1 | DEFE: реально
 49677 | Vaults:1 | DEFE: айсбластом бамбанул
 49733 | Vaults:1 | DEFE: в гварда
 49738 | Vaults:2 | DEFE: ему пофиг
 49742 | Vaults:1 | DEFE: О К А З У А Л Е Л Е
 49802 | Vaults:1 | Gained mutation: Your system is resistant to poisons. (rPois) [mutagenic meat]
 51189 | Vaults:2 | Reached XP level 19. HP: 92/179 MP: 32/32
 51467 | Vaults:2 | Found a basalt altar of Yredelemnul.
 51506 | Vaults:2 | Found a staircase to the Crypt.
 51507 | Vaults:2 | Found an ancient bone altar of Kikubaaqudgha.
 51546 | Vaults:2 | Paralysed by a great orb of eyes for 7 turns
 51831 | D:11     | jacquesderrida: che dveri ne zakryvaesh...
 51831 | D:11     | ololoev: ya nekulturniy
 51831 | D:11     | jacquesderrida: dragany ne mogoot dveri...
 51927 | Snake:1  | Entered Level 1 of the Snake Pit
 51928 | Snake:1  | jacquesderrida: Nais
 51928 | Snake:1  | jacquesderrida: Nebloho
 53173 | Snake:2  | Identified the +2 ring mail of a wizard's laboratory {+Inv Dex+3}
 53175 | Snake:2  | ololoev: ololo face!!!
 53175 | Snake:2  | DEFE: О К А З У А Л Е Л Е
 53175 | Snake:2  | ololoev: look at the map!
 53175 | Snake:2  | jacquesderrida: che
 53175 | Snake:2  | DEFE: !decentchar defe
 53175 | Snake:2  | beem: The RNG chooses: GrBe
 53175 | Snake:2  | jacquesderrida: eto tot monster
 53175 | Snake:2  | ololoev: !lg defe
 53175 | Snake:2  | beem: 1564. DEFE the Cudgeler (L9 DsGl of Okawaru), blasted by an orc priest (divine providence) on D:7 on 2016-09-28 14:20:02, with 2181 points after 7745 turns and 0:13:38.
 53175 | Snake:2  | ololoev: lolo
 53175 | Snake:2  | DEFE: СМАЙТ
 53187 | Snake:2  | Noticed Vashnia
 53190 | Snake:1  | DEFE: Как меня доебали смайты
 53190 | Snake:1  | jacquesderrida: http://fanparty.ru/fanclubs/mults/articles/187451/204266_tribune_mults.jpg
 53190 | Snake:1  | ololoev: fuck vanshia
 53190 | Snake:1  | jacquesderrida: Вот етот
 53211 | Snake:1  | jacquesderrida: Только глаза пропали
 53213 | Snake:2  | jacquesderrida: укатились
 53234 | Snake:2  | Found a frozen archway.
 53251 | IceCv    | Entered an ice cave
 53252 | IceCv    | jacquesderrida: Ebat
 53252 | IceCv    | ololoev: новая мода кидать ИДА рядом с входом в айскейв
 53252 | IceCv    | jacquesderrida: ais dragan armar v pyati kletkah ot ais keiv
 54310 | IceCv    | Identified the cursed -4 hat of the Stars {rElec rPois}
 54322 | IceCv    | jacquesderrida: shapker
 54421 | Snake:2  | Reached skill level 10 in Spellcasting
 54588 | Snake:2  | Noticed Kirke
 54606 | Snake:2  | Killed Kirke
 54827 | Snake:2  | Killed Vashnia
 54867 | Snake:2  | jacquesderrida: Vasia
 55435 | Snake:3  | Gained mutation: You are partially covered in large bone plates. (SH +4) [potion of beneficial mutation]
 55571 | Snake:3  | ololoev: короче
 55571 | Snake:3  | ololoev: как посоны скаммят экспу:
 55571 | Snake:3  | ololoev: берут плутониевый меч
 55571 | Snake:3  | ololoev: идут в леир
 55571 | Snake:3  | ololoev: и мочат кусты
 55571 | Snake:3  | ololoev: кусты морфаются в монстров иногда
 55571 | Snake:3  | ololoev: и за них дают экспу
 55572 | Snake:3  | jacquesderrida: che
 55572 | Snake:3  | jacquesderrida: Poluchayut 2000 opyta...
 56301 | Snake:4  | Entered Level 4 of the Snake Pit
 56615 | Snake:4  | Reached XP level 20. HP: 177/191 MP: 29/34
 56624 | Snake:4  | Reached skill level 10 in Throwing
 57805 | Snake:4  | Got a serpentine rune of Zot
 58967 | Vaults:3 | Identified a scroll of acquirement
 58970 | Vaults:3 | Noticed Margery
 59132 | Vaults:4 | ololoev: бозарий!
 59332 | Vaults:3 | Noticed Saint Roka
 59368 | Vaults:3 | Killed Saint Roka
 59566 | Vaults:3 | Found Icoodeps's Jewellery Emporium.
 59578 | Vaults:3 | ololoev: охохохохо!
 59578 | Vaults:3 | ololoev: амулет 10/10 для кастера
 59578 | Vaults:3 | ololoev: the amulet of Vicse {RegenMP Int+9}
 59624 | Vaults:3 | jacquesderrida: amulet of vichy
 59628 | Vaults:3 | jacquesderrida: :devil:
 59634 | Vaults:3 | Killed Margery
 59953 | Vaults:3 | jacquesderrida: https://en.wikipedia.org/wiki/Vichy_France
 59957 | Vaults:3 | jacquesderrida: Reeeeeeeeeeeeeeeeeeeeeeeeeeee
 60406 | Vaults:3 | Reached XP level 21. HP: 168/200 MP: 36/36
 61005 | Vaults:4 | Shot with a bolt by a yaktaur

Dungeon Overview and Level Annotations

Branches:
Dungeon (15/15)            Temple (1/1) D:6            Lair (6/6) D:11
  Swamp (4/4) Lair:2        Snake (4/4) Lair:3        Slime (0/5) Lair:5
    Orc (2/2) D:10            Elf (0/3) Orc:2        Vaults (4/5) D:13
  Crypt (0/3) Vaults:2     Depths (0/5) D:15

Altars:
Ashenzari
Cheibriados
Dithmenos
Elyvilon
Fedhas
Gozag
Hepliaklqana
Kikubaaqudgha
Makhleb
Nemelex Xobeh
Okawaru
Qazlal
Ru
Sif Muna
Trog
Uskayaw
Vehumet
Xom
Yredelemnul
Zin
The Shining One

Shops:
D:10 (   D:11 :   D:12 =   Orc:1 *((:*   Orc:2 [[:}[   Vaults:3 =

Annotations:
D:5 anele's ghost, novice MiFi
D:8 exclusion: ice statue
D:15 exclusion: Roxanne, Roxanne


Message History

The bolt hits you!! The yaktaur captain hits you!
You are too injured to fight recklessly!
Unknown command.
Unknown command.
You are too injured to fight recklessly!
Unknown command.
You are too injured to fight recklessly!
Unknown command.
You are too injured to fight recklessly!
The stone giant throws a large rock.
The large rock hits you!!!
The entropy weaver mumbles some strange words.
The entropic weave corrodes you!
The yaktaur captain wields an arbalest.
The yaktaur captain shoots a bolt.
The bolt barely misses you.
Items here: (( ) † a large rock; an uncursed giant club; 3 bolts; an ogre corpse The deep elf archer unwields an uncursed short sword.
The deep elf archer wields an uncursed shortbow.
The deep elf archer shoots an arrow.
The arrow hits you!
The ogre mage casts a spell.
The ogre mage seems to speed up.
There is an open door here.
You see here an arrow.
Unknown command.
As you read the scroll of teleportation, it crumbles to dust.
You feel strangely unstable.
Evoke which item? (* to show all) (? for menu, Esc to quit)
Okay, then.
You feel much better.
You slash the yaktaur captain! You burn the yaktaur captain.
You kill the yaktaur captain!
Unknown command.
The deep elf archer shoots an arrow.
The arrow barely misses you.
The deep elf archer shoots an arrow.
The arrow hits you but does no damage.
Your surroundings suddenly seem different.
A deep elf knight comes into view. It is wielding a short sword.
The deep elf knight shouts!
A deep elf archer comes into view. It is wielding a dagger.
The deep elf archer shouts!
A deep elf knight comes into view. It is wielding a long sword.
The deep elf knight shouts!
The deep elf knight gestures wildly while chanting.
The deep elf knight seems to speed up.
The deep elf knight unwields an uncursed short sword.
The deep elf knight wields a shortbow.
The deep elf knight shoots an arrow.
The arrow barely misses you.
The deep elf archer unwields an uncursed dagger.
The deep elf archer wields an uncursed shortbow.
The deep elf archer shoots an arrow.
The arrow hits you!
Found 2 arrows.
A deep elf mage comes into view. It is wielding a long sword.
Unknown command.
As you read the scroll of teleportation, it crumbles to dust.
You feel strangely unstable.
The deep elf knight casts a spell at you.
The stone arrow hits you!
The deep elf knight gestures wildly while chanting.
The deep elf knight seems to speed up.
The deep elf archer shoots an arrow.
The arrow hits you! You block the deep elf knight's attack.
Found an escape hatch in the floor.
Okay, then.
You completely miss the deep elf knight.
The deep elf knight barely misses you.
The deep elf archer blinks!
Unknown command.
You hit the deep elf knight. You burn the deep elf knight.
The deep elf knight is lightly wounded.
The deep elf knight barely misses you.
A yaktaur comes into view.
Unknown command.
You slice the deep elf knight!! You burn the deep elf knight!
The deep elf knight is almost dead.
You slice the deep elf knight!! You burn the deep elf knight.
The deep elf mage mumbles some strange words.
The deep elf knight hits you with a long sword!
The deep elf knight unwields an uncursed shortbow.
The deep elf knight wields an uncursed short sword.
The deep elf knight hits you with an uncursed short sword!
Your surroundings seem slightly different.
The yaktaur wields an arbalest.
The yaktaur shoots a bolt.
The bolt hits you!!
You die...

You could see 2 deep elf knights and 2 yaktaurs.

Vanquished Creatures
  Margery (Vaults:3)
  Saint Roka (Vaults:3)
  Vashnia (Snake:2)
  Frances (Swamp:1)
  2 thorn hunters
  Kirke (Snake:2)
  5 nagarajas (Snake:4)
  A storm dragon (Vaults:3)
  A fire giant (Vaults:2)
  Louise (D:15)
  3 vault wardens
  2 deep elf sorcerers (Vaults:1)
  An orc warlord (Orc:1)
  9 ironheart preservers
  The ghost of Arbitrary the Earth Mage, a journeyman DEEE of Sif Muna (D:14)
  A stone giant (Vaults:1)
  An entropy weaver (Vaults:1)
  4 very ugly things (Vaults:4)
  A deep elf demonologist (Vaults:2)
  4 deep elf annihilators
  2 deep elf death magi (Vaults:1)
  A fire dragon (Lair:6)
  A minotaur (shapeshifter) (Vaults:1)
  2 blizzard demons (IceCv)
  Erolcha (Orc:1)
  4 great orbs of eyes
  7 ogre magi
  Josephine (Orc:1)
  14 vault guards
  8 naga warriors
  5 yaktaur captains
  4 ice dragons
  2 ghost crabs
  24 hydras
  2 rakshasas
  11 anacondas
  2 death knights
  4 centaur warriors
  10 alligators
  16 death yaks
  A tengu warrior (D:13)
  8 shock serpents
  6 orc high priests
  3 spriggan berserkers (Swamp:4)
  4 deep elf knights
  4 hell knights (Vaults:3)
  24 naga sharpshooters
  Sonja (D:15)
  2 shadow wraiths
  A deep troll (Vaults:2)
  4 skeletal warriors
  3 salamander mystics (Snake:4)
  2 unseen horrors
  A sea snake (Snake:3)
  4 wizards
  A death drake (Swamp:3)
  5 spriggan druids
  9 naga ritualists
  4 spectral hydras (Swamp:3)
  4 ironbrand convokers
  13 orc knights
  6 swamp dragons
  8 deep elf archers
  8 hill giants
  A necromancer (Swamp:3)
  A phantasmal warrior (Swamp:3)
  A harpy (shapeshifter) (Vaults:1)
  10 mana vipers
  An orc sorcerer (Vaults:4)
  4 hornets
  12 deep elf magi
  8 salamanders
  5 cyclopes
  A wolf spider (Vaults:2)
  29 ugly things
  3 manticores
  A salamander (shapeshifter) (Vaults:4)
  An ice statue (IceCv)
  12 elephants
  A guardian serpent (shapeshifter) (Vaults:2)
  13 vault sentinels
  A guardian serpent (Snake:2)
  30 black mambas
  20 naga magi
  22 spiny frogs
  2 centaur skeletons (D:12)
  4 gargoyles
  A kobold demonologist (D:15)
  6 rime drakes
  A yaktaur (shapeshifter) (Vaults:1)
  7 freezing wraiths
  5 anaconda simulacra (IceCv)
  11 komodo dragons
  22 yaktaurs
  2 efreet (D:15)
  3 swamp worm zombies (Swamp:3)
  7 ice devils (IceCv)
  A tengu conjurer (D:14)
  2 queen bees
  3 meliai (D:15)
  A queen bee (shapeshifter) (Vaults:3)
  4 two-headed ogres
  A merfolk (shapeshifter) (Vaults:1)
  7 trolls
  A polar bear (shapeshifter) (Vaults:3)
  2 spectral swamp dragons (Swamp:3)
  11 tyrant leeches
  3 alligator zombies (Swamp:3)
  13 bog bodies
  A harpy skeleton (D:15)
  9 slime creatures
  15 hippogriffs
  2 dream sheep (Lair:6)
  19 blink frogs
  A hippogriff (shapeshifter) (D:13)
  A stone giant simulacrum (Vaults:2)
  A redback (Vaults:1)
  An air elemental (D:13)
  5 dire elephant simulacra (IceCv)
  9 wraiths
  7 spriggans
  35 yaks
  4 shadows
  3 vampires
  2 tarantellas (Vaults:1)
  A basilisk (shapeshifter) (Vaults:3)
  8 basilisks
  6 wyverns
  3 tyrant leech zombies (Swamp:3)
  2 large abominations (Swamp:3)
  6 hogs (Snake:2)
  A fire elemental (D:13)
  A human (shapeshifter) (Vaults:2)
  23 vampire mosquitoes
  3 steam dragons
  2 harpy simulacra (IceCv)
  4 hungry ghosts
  5 insubstantial wisps (Swamp:2)
  6 mottled dragons
  3 iron troll simulacra (IceCv)
  42 nagas
  12 wargs
  7 spiny frog zombies (Swamp:3)
  20 swamp worms
  20 water moccasins
  A water moccasin (shapeshifter) (Vaults:2)
  A floating eye (shapeshifter) (Vaults:1)
  7 porcupines
  3 hydra simulacra (IceCv)
  51 orc warriors
  An ettin simulacrum (IceCv)
  7 wasps
  A black bear (D:11)
  8 ice beasts
  19 swamp drakes
  An alligator simulacrum (IceCv)
  3 phantoms
  3 sky beasts
  A necrophage (D:9)
  20 wolves
  27 centaurs
  An ogre (shapeshifter) (Vaults:1)
  33 ogres
  27 crocodiles
  Blork the orc (D:15)
  2 big kobolds
  20 bullfrogs
  A wyvern zombie (D:8)
  An earth elemental (D:13)
  2 glowing shapeshifter simulacra
  A water moccasin skeleton (D:5)
  4 scorpions
  2 troll zombies (Swamp:3)
  2 human simulacra
  43 killer bees
  13 wights
  An electric eel (Snake:3)
  7 howler monkeys
  4 crimson imps
  2 bullfrog zombies
  3 centaur zombies
  2 quasits
  3 draconian simulacra (IceCv)
  10 hounds
  11 jellies
  42 orc priests
  A bullfrog skeleton (D:10)
  3 hell rats (Lair:1)
  19 iguanas
  42 orc wizards
  A spriggan simulacrum (IceCv)
  15 worker ants
  3 troll simulacra (IceCv)
  2 centaur simulacra (IceCv)
  2 hound skeletons
  A hound zombie (D:3)
  A howler monkey zombie (D:7)
  8 gnolls
  81 river rats
  15 adders
  6 naga simulacra (IceCv)
  4 shadow imps
  4 white imps (IceCv)
  7 ufetubi (IceCv)
  2 oozes
  3 worms
  A dart slug (D:4)
  5 leopard geckos
  133 orcs
  3 giant cockroaches
  6 hobgoblins
  8 jackals
  3 quokkas
  A ball python (D:6)
  6 bats
  5 frilled lizards
  9 goblins
  17 kobolds
  A quokka skeleton (D:7)
  5 rats
  4 fungi
  5 plants
  A withered plant (Swamp:3)
1701 creatures vanquished.

Vanquished Creatures (others)
  A bog body (Swamp:4)
  A water elemental (D:13)
  A bullfrog (Lair:5)
  An adder (Snake:3)
  2 orcs
  14 fungi
  10 plants
  4 toadstools (Swamp:1)
34 creatures vanquished.

Grand Total: 1735 creatures vanquished

Action                   |  1- 3 |  4- 6 |  7- 9 | 10-12 | 13-15 | 16-18 | 19-21 || total
-------------------------+-------+-------+-------+-------+-------+-------+-------++-------
Melee: Hand axe          |   129 |   146 |       |       |       |       |       ||   275
       War axe           |       |    94 |   375 |       |       |       |       ||   469
       Battleaxe         |       |       |    27 |   928 |  1361 |  1677 |  1218 ||  5211
 Fire: Blowgun           |       |       |       |    15 |     2 |       |     9 ||    26
Throw: Tomahawk          |     5 |       |       |       |       |       |       ||     5
       Javelin           |       |       |     7 |    22 |     2 |     8 |       ||    39
       Throwing net      |       |       |       |       |     1 |       |       ||     1
Invok: Curse Item        |       |     1 |     2 |     1 |     1 |     1 |     2 ||     8
       Scrying           |       |       |       |     4 |       |       |       ||     4
Evoke: Wand              |       |     2 |    12 |       |     4 |     3 |     4 ||    25
       Phantom mirror    |       |       |       |       |       |     1 |       ||     1
  Use: Potion            |     1 |       |     1 |     9 |    12 |    13 |     5 ||    41
       Scroll            |       |       |       |     5 |    14 |    21 |    13 ||    53
 Stab: Held in net/web   |       |       |       |       |     1 |       |       ||     1
       Invisible         |       |       |       |       |       |     1 |       ||     1
  Eat: Chunk             |     2 |     8 |    17 |    36 |    42 |    38 |    24 ||   167
       Royal jelly       |       |       |       |     4 |     4 |     9 |     4 ||    21
       Beef jerky        |       |       |       |     1 |       |       |       ||     1
Armor: Ring mail         |    19 |       |       |       |       |       |       ||    19
       Plate armour      |    96 |   216 |   264 |   526 |   773 |   954 |   538 ||  3367
Dodge: Dodged            |    54 |    54 |    91 |   283 |   434 |   726 |   483 ||  2125
Block: Other             |       |       |    38 |    94 |   138 |    24 |    92 ||   386
       Reflection        |       |       |     2 |     6 |     1 |     4 |       ||    13

Vault maps used:
D:1:      dpeg_arrival_three_same_balls, evilmike_ruin_ashenzari
D:3:      elyvilon_altar_4, ecumenical_altar_2, first_bread
D:4:      minmay_misc_feat_pillars, hangedman_decor_clover_reticule,
          guppyfry_early_lair_pool
D:5:      minmay_overflow_temple_star_hex, hangedman_decor_slide_cut
D:6:      old_standard_altar, nemelex_xobeh_ov_fountains_minmay
D:7:      fedhas_altar_fruit_tree, grunt_temple_overflow_champion_of_chaos
D:8:      lemuel_ice_statue, nicolae_qazlal_eye_of_the_storm, david_nohive_1
D:9:      nicolae_ru_the_path_less_chosen
D:10:     minmay_orc_entry_guard_dogs, serial_shops, shop
D:11:     lair_0_dummy, serial_shops, nicolae_shop_stone, minmay_misc_feat_x
D:12:     serial_shops, shop, kennysheep_generic_room_13
D:13:     lightli_vaults_fourway_checkpoint, st_stairs_5,
          lightli_elemental_guards
D:14:     minivault_4, st_stairs_7
D:15:     grunt_enter_depths_magical_seal, tgw_sif, feat_on_display,
          uniq_roxanne, uniq_louise, uniq_sonja
Temple:   kb_temple_of_zot
Lair:1:   kennysheep_abandoned_house, special_room, serial_bayou_shore_a,
          lemuel_fruit_fields
Lair:2:   swamp_mist, serial_bayou_shore_b, infiniplex_staircase_pool_2,
          grunt_megastairs_2, lemuel_fruit_tree
Lair:3:   dummy_snake_entry
Lair:4:   lemuel_fruit_fields
Lair:5:   nicolae_slime_entry_slimehenge
Lair:6:   guppyfry_lair_end_dragon, hangedman_lair_in_review
Swamp:1:  cheibrodos_swamp_tower_of_moss, evilmike_swamp_ruin_house_5,
          uniq_frances
Swamp:2:  evilmike_swamp_ruin_house_4
Swamp:3:  cheibrodos_swamp_mausoleum, evilmike_swamp_ruin_house_2,
          nicolae_swamp_orc_logging_accident, swamp_pool4,
          nicolae_swamp_alligator_family
Swamp:4:  swamp_basic_johnstein
Snake:2:  portal_ice_cave_entry_pillars_1, uniq_kirke, uniq_vashnia
Snake:3:  cheibrodos_snake_ritualist_ritual, spider_trap, minmay_snake_pond
Snake:4:  snake_pit
Orc:1:    serial_shops, shop, nicolae_shop_stone, nicolae_shop_crystal, shop,
          shop, uniq_josephine, uniq_erolcha
Orc:2:    st_orc_pillars, serial_shops, shop, okawaru_metal_pillars_1_2
Vaults:1: nicolae_vaults_stairing_the_circle, nicolae_vaults_little_squares_3,
          vaults_dpeg_encased_lava, nicolae_vaults_little_squares_2,
          nicolae_vaults_mini_display_case, v_alt_pattern_5,
          vaults_room_stairs_pillars, vaults_room_hallway,
          ontoclasm_vaults_decontamination, grunt_vaults_hallway_short,
          vaults_room_grunt_arrival_checkpoint
Vaults:2: vaults_mumra_minichess, minmay_crypt_entry_necro_gods,
          ontoclasm_vaults_water_temple, v_misc_29, v_pattern_1,
          vaults_dpeg_hooks, hangedman_vaults_maws, nicolae_vaults_shelves_hall,
          v_alt_pattern_6, nicolae_vaults_specimen_jars,
          nicolae_vaults_windows_and_doors_thing, ontoclasm_vaults_shuriken,
          nicolae_vaults_angled_halls, nicolae_vaults_shelves_hall
Vaults:3: v_misc_27, v_rooms_2, v_misc_3, nicolae_vaults_an_arrangement,
          nicolae_vaults_hallways_thing, vaults_room_pools, serial_shops, shop,
          uniq_margery, uniq_saint_roka
Vaults:4: hangedman_vaults_hat, nicolae_vaults_circle_grid_a, stair_cage_open,
          hangedman_vaults_snaps, vaults_room_pool, v_alt_pattern_3,
          nicolae_vaults_little_squares_5, v_alt_pattern_1, v_misc_22,
          hangedman_vaults_variations, v_misc_9, hangedman_vaults_trim,
          v_misc_16, serial_shops, bzr_entry_lakeside
IceCv:    ice_cave_caverns_01
